 Dungeon Crawl Stone Soup version 0.29.1-12-g30fa7ad0bf (webtiles) character file.

Game seed: 5831820292505019802

119357 nightchill the Schismatic (level 16, 0/132 HPs)
             Began as a Demonspawn Abyssal Knight on Jan 12, 2023.
             Was an Elder of Lugonu.
             Succumbed to a naga ritualist's toxic radiance
             ... on level 3 of the Snake Pit on Jan 14, 2023.
             The game lasted 02:01:51 (40790 turns).

nightchill the Schismatic (DsAK)                   Turns: 40790, Time: 02:01:51

Health: 0/132      AC: 43    Str: 20    XL:     16   Next: 27%
Magic:  20/27      EV:  2    Int: 14    God:    Lugonu [****..]
Gold:   578        SH: 15    Dex: 13    Spells: 15/15 levels left

rFire   + + +      SeeInvis .   b - +2 broad axe (vamp)
rCold   + + .      Faith    +   Y - +0 kite shield
rNeg    . . .      Spirit   .   O - +10 gold dragon scales
rPois   .          Reflect  .   Z - +0 helmet "Daynkim" {rF+}
rElec   .          Harm     .   v - scarf {rC+ rF+}
rCorr   .          Rampage  .   (gloves unavailable)
Will    +....                   o - +2 pair of boots {Fly}
Stlth   ..........              M - amulet of faith
HPRegen 0.32/turn               R - +4 ring of protection
MPRegen 0.20/turn               i - ring of poison resistance

@: lethally poisoned (0 -> -5), poison vulnerable, flying, slowed, constricted,
very slow
A: repulsion field 2, icemail 2, powered by death 2, condensation shield,
demonic touch 3
a: Renounce Religion, Depart the Abyss, Bend Space, Banish, Corrupt


You were on level 3 of the Snake Pit.
You worshipped Lugonu.
Lugonu was greatly pleased with you.
You visited 6 branches of the dungeon, and saw 26 of its levels.
You visited the Abyss 2 times.
You also visited: Gauntlet.

You collected 3048 gold pieces.
You spent 2470 gold pieces at shops.

Inventory:

Hand Weapons
 a - a +1 eveningstar
 b - a +2 vampiric broad axe (weapon)
 s - a +0 broad axe
 t - the +3 whip "Dybymin Ofe" {elec, Will+ Int+3}
   (You found it on level 2 of the Dungeon)

   It occasionally discharges a powerful burst of electricity upon striking a
   foe.
   Int:       It affects your intelligence (+3).
   Will:      It increases your willpower.
 w - a +2 war axe of distortion
Missiles
 k - 25 poisoned darts
 m - 9 javelins
 H - 2 throwing nets
 X - 11 curare-tipped darts
Armour
 o - a +2 pair of boots of flying (worn)
 v - a scarf of resistance (worn)
 O - +10 gold dragon scales (worn)
 Y - a +0 kite shield (worn)
 Z - the +0 helmet "Daynkim" (worn) {rF+}
   (You found it in a Gauntlet)

   rF:        It protects you from fire.
Jewellery
 i - a ring of poison resistance (right hand)
 q - the ring of Yendor {rF+ EV+4}
   (You acquired it on level 1 of the Orcish Mines)

   [ring of evasion]

   EV:        It affects your evasion (+4).
   rF:        It protects you from fire.
 D - a +4 ring of protection
 I - the ring of Zusy {rElec Str-4 Int+4 SInv}
   (You found it in a Gauntlet)

   [ring of see invisible]

   Str:       It affects your strength (-4).
   Int:       It affects your intelligence (+4).
   rElec:     It insulates you from electricity.
   SInv:      It lets you see invisible.
 L - a ring of fire
 M - an amulet of faith (around neck)
 Q - a ring of willpower
 R - a +4 ring of protection (left hand)
 W - a ring of protection from fire
Wands
 E - a wand of quicksilver (8)
 F - a wand of flame (64)
 J - a wand of mindburst (26)
 N - a wand of charming (22)
 U - a wand of roots (10)
Scrolls
 d - a scroll of fear
 f - 4 scrolls of poison
 j - 3 scrolls of immolation
 n - 4 scrolls of teleportation
 r - 3 scrolls of vulnerability
 u - 4 scrolls of torment
 y - 3 scrolls of noise
 A - 2 scrolls of amnesia
 C - 2 scrolls of magic mapping
 G - 2 scrolls of butterflies
 V - 5 scrolls of identify
Potions
 c - 5 potions of curing
 g - 3 potions of magic
 h - 2 potions of haste
 l - 3 potions of attraction
 p - 4 potions of lignification
 x - 7 potions of mutation
 z - 3 potions of berserk rage
 K - 3 potions of ambrosia
 P - a potion of resistance
 T - 2 potions of might


   Skills:
 - Level 13.8 Fighting
 * Level 13.7(15.5) Axes
 - Level 11.8(14.5) Maces & Flails
 - Level 8.7 Armour
 - Level 0.8 Dodging
 - Level 10.9 Shields
 - Level 15.0 Invocations


You had 15 spell levels left.
You didn't know any spells.
Your spell library contained the following spells:

 Spells                   Type           Power      Damage    Failure   Level
 Beastly Appendage        Tmut           0%         N/A       100%        1
 Freeze                   Ice            0%         1d3       100%        1
 Ensorcelled Hibernation  Hex/Ice        0%         N/A       100%        2
 Passwall                 Tmut/Erth      0%         N/A       100%        2
 Scorch                   Fire           0%         2d5       100%        2
 Wereblood                Tmut           0%         N/A       100%        2
 Frozen Ramparts          Ice            0%         1d1       100%        3
 Spider Form              Tmut/Pois      0%         N/A       100%        3
 Swiftness                Air            0%         N/A       100%        3
 Anguish                  Hex/Necr       0%         N/A       100%        4
 Flame Wave               Conj/Fire      0%         2d4       100%        4
 Hailstorm                Conj/Ice       0%         3d3       100%        4
 Leda's Liquefaction      Hex/Erth       0%         N/A       100%        4
 Freezing Cloud           Conj/Ice/Air   0%         6-21      100%        5
 Lee's Rapid Deconstruct  Erth           0%         3d5*      100%        5
 Simulacrum               Ice/Necr       0%         N/A       100%        6
 Statue Form              Tmut/Erth      0%         N/A       100%        6
 Summon Cactus Giant      Summ           0%         N/A       100%        6
 Polar Vortex             Ice            0%         N/A       100%        9


Dungeon Overview and Level Annotations

Branches:
Dungeon (14/15)            Temple (1/1) D:4            Lair (4/5) D:8
  Swamp (2/4) Lair:3        Snake (3/4) Lair:2        Slime (0/5) Lair:4
    Orc (2/2) D:9             Elf (0/3) Orc:2        Vaults (0/5) D:14
Gauntlet (visited)

Altars:
Ashenzari
Cheibriados
Dithmenos
Fedhas
Gozag
Hepliaklqana
Kikubaaqudgha
Makhleb
Nemelex Xobeh
Okawaru
Qazlal
Ru
Sif Muna
Trog
Uskayaw
Vehumet
Wu Jian
Xom
Yredelemnul
Jiyva

Shops:
D:1 *   D:10 [   Orc:2 ===:   Snake:2 [:[   Snake:3 ((

Portals:
Abyss: D:4

Annotations:
D:4 2 transporters, exclusion: downstairs, xelsha's ghost, amateur TrVM
D:6 exclusions: door and 2 more exclusions
D:11 exclusion: downstairs
D:12 exclusion: 2 downstairs
Lair:2 exclusion: downstairs
Lair:3 exclusions: door, downstairs and 1 more exclusion
Swamp:2 !demon prince corrupt, Mlioglotl
Snake:2 exclusion: downstairs
Snake:3 1 runed translucent door, corrupted, exclusion: door, Sagen's ghost, adept DrCj
Orc:1 exclusion: downstairs
Abyss:1 Erolcha; Kirke; Sonja


Innate Abilities, Weirdness & Mutations

You are surrounded by a moderate repulsion field. (EV +3)
A meltable icy envelope protects you from harm. (AC +8)
You regenerate health from kills.
A meltable shield of frost defends you. (SH +4)
Your touch may irresistibly damage your foes and sap their willpower.


Message History

The naga ritualist's toxic aura wanes.
You block the naga ritualist's attack. You block the naga warrior's attack.
The naga warrior constricts you. The naga ritualist spits poison at you.
The splash of poison hits you.
You are lethally poisoned!
You have difficulty breathing.
* * * LOW HITPOINT WARNING * * *
You feel as though you will be slow longer.
* * * LOW HITPOINT WARNING * * *
You feel better.
The naga warrior hits you but does no damage.
The naga warrior constricts you.
The naga ritualist utters an invocation to its god.
The naga ritualist begins to radiate toxic energy.
* * * LOW HITPOINT WARNING * * *
You are poisoned.
You block the naga warrior's attack. The naga warrior constricts you.
You hit the naga warrior but do no damage.
The naga warrior is almost dead.
You slash the naga ritualist!
You feel sick.
You are no longer poisoned.
* * * LOW HITPOINT WARNING * * *
You are poisoned.
The naga ritualist hits you with a +0 scimitar!
* * * LOW HITPOINT WARNING * * *
You block the naga warrior's attack. The naga warrior constricts you.
The naga ritualist hits you with a +0 scimitar.
* * * LOW HITPOINT WARNING * * *
You feel better.
The naga warrior no longer looks unusually toxic.
* * * LOW HITPOINT WARNING * * *
You are poisoned.
* * * LOW HITPOINT WARNING * * *
You are more poisoned.
The naga warrior completely misses you. The naga warrior constricts you.
You block the naga ritualist's attack.
You hit the naga warrior.
The naga warrior is almost dead.
You slash the naga ritualist!
You die...

#.# #.# #
#.# #.# #.#
#.# #.# #(#
#.# #
##.###.##
##.......#
#.N@.....#
#.)N.....#
##.........
##......##
##....)#
.....#
.......
.....##


You could see a naga warrior and a naga ritualist (strong, toxic aura, curare).

Vanquished Creatures
  Jorgrun (Orc:2)
  A nagaraja (Snake:3)
  5 eleionomae (Swamp:1)
  A bunyip (Swamp:2)
  Josephine (D:12)
  A great orb of eyes (Gauntlet)
  A vault guard (D:14)
  A salamander tyrant (Snake:3)
  3 hydras
  3 boulder beetles
  5 anacondas
  4 naga warriors
  2 centaur warriors (D:14)
  2 catoblepae (Lair:3)
  Erica (D:9)
  3 death yaks
  3 two-headed ogres
  5 alligators (Swamp:1)
  Urug (D:11)
  2 shock serpents
  3 orc high priests (Orc:2)
  3 naga sharpshooters (Snake:2)
  A salamander mystic (Snake:3)
  Lodul (D:10)
  9 skeletal warriors
  A spriggan druid (Swamp:1)
  2 naga ritualists
  3 orc knights (Orc:2)
  A deep elf pyromancer (D:14)
  5 manticores
  6 orc sorcerers
  3 mana vipers
  8 salamanders
  3 ugly things
  2 will-o-the-wisps
  4 elephants (Lair:4)
  An ice statue (Gauntlet)
  A torpor snail (Lair:4)
  A guardian serpent (Snake:3)
  Maggie (D:6)
  24 black mambas
  7 naga magi
  8 cane toads (Lair:4)
  4 rime drakes
  A freezing wraith (D:14)
  Psyche (D:10)
  5 komodo dragons
  A polar bear (shapeshifter) (D:14)
  5 trolls
  A tarantella (shapeshifter) (D:14)
  2 hornets (Swamp:1)
  9 slime creatures
  A wind drake (shapeshifter) (D:13)
  4 tyrant leeches
  10 blink frogs
  3 polar bears (Lair:2)
  A centaur simulacrum (D:14)
  9 wraiths
  34 yaks
  9 wyverns
  A culicivora (shapeshifter) (D:11)
  2 spriggans (Swamp:1)
  2 vampires
  3 vampire mosquitoes (D:13)
  7 hogs (Lair:4)
  4 wargs
  24 nagas
  Edmund (D:6)
  11 swamp worms
  2 acid dragons
  23 water moccasins
  A swamp drake (Swamp:1)
  17 orc warriors
  6 black bears
  4 sky beasts
  13 ogres
  5 wolves (Lair:4)
  4 centaurs
  2 phantoms (D:5)
  16 bullfrogs
  A necrophage (D:6)
  2 gnoll sergeants
  4 scorpions
  7 wights
  9 killer bees
  3 howler monkeys (D:11)
  3 jellies
  18 orc priests
  2 gnoll boudas
  2 iguanas
  19 orc wizards
  29 gnolls
  5 adders
  A shadow imp (D:5)
  A white imp (D:6)
  2 worms (D:5)
  3 dart slugs
  64 orcs
  5 ball pythons
  7 bats
  9 endoplasms
  3 giant cockroaches
  6 goblins
  6 hobgoblins
  3 jackals (D:2)
  9 kobolds
  4 quokkas
  7 frilled lizards
  4 rats
630 creatures vanquished.

Vanquished Creatures (others)
  A dire elephant (Gauntlet)
  A hell beast (Gauntlet)
  A ghost crab (Gauntlet)
  A shock serpent (Snake:3)
  A naga sharpshooter (Snake:3)
  A goliath frog (Swamp:2)
  A salamander (Snake:3)
  3 elephants (Gauntlet)
  A naga mage (Snake:3)
  2 bloated husks
  4 nagas
  A swamp worm (Swamp:2)
  A gnoll sergeant (D:10)
  An orc wizard (Orc:2)
  An orc (Orc:2)
  16 foxfires
  29 fungi
  58 plants
  4 starspawn tentacles (Snake:3)
  41 withered plants (Gauntlet)
169 creatures vanquished.

Grand Total: 799 creatures vanquished

Notes
Turn   | Place    | Note
-------+----------+-------------------------------------------
     0 | Abyss:1  | nightchill the Demonspawn Abyssal Knight began the quest
                  | for the Orb.
     0 | Abyss:1  | Reached XP level 1. HP: 18/18 MP: 2/2
     1 | D:1      | Escaped the Abyss
   198 | D:1      | Found Igafy's General Store.
   444 | D:1      | Gained mutation: A meltable shield of frost defends you.
                  | (SH +4) [demonic ancestry]
   444 | D:1      | Reached XP level 2. HP: 24/24 MP: 4/4
   556 | D:1      | Found a faded altar of an unknown god.
  1165 | D:2      | Reached skill level 3 in Invocations
  1262 | D:2      | Gained mutation: A meltable icy envelope protects you from
                  | harm. (AC +8) [demonic ancestry]
  1262 | D:2      | Reached XP level 3. HP: 25/29 MP: 5/5
  1601 | D:2      | Reached *** piety under Lugonu
  1973 | D:2      | Identified the +3 whip "Dybymin Ofe" {elec, Will+ Int+3}
  2044 | D:2      | Gained mutation: Your touch may inflict minor irresistible
                  | damage on your foes. [demonic ancestry]
  2044 | D:2      | Reached XP level 4. HP: 35/35 MP: 6/6
  2624 | D:3      | Reached skill level 1 in Maces & Flails
  2769 | D:3      | Gained mutation: You regenerate a little health from kills.
                  | [demonic ancestry]
  2769 | D:3      | Reached XP level 5. HP: 26/42 MP: 7/7
  3027 | D:3      | Reached skill level 4 in Invocations
  3661 | D:4      | Reached **** piety under Lugonu
  3693 | D:4      | Found a one-way gate to the infinite horrors of the Abyss.
  3693 | D:4      | Noticed xelsha's ghost (amateur TrVM)
  3693 | D:4      | Noticed a small abomination
  3952 | D:4      | Reached XP level 6. HP: 48/48 MP: 9/9
  3978 | D:4      | Reached skill level 5 in Invocations
  4157 | D:4      | Found a transporter.
  4172 | D:4      | Found a transporter.
  4178 | D:4      | Found a transporter.
  4594 | D:4      | Found a one-way gate to the infinite horrors of the Abyss.
  4661 | D:4      | Found a staircase to the Ecumenical Temple.
  5038 | Temple   | Entered the Ecumenical Temple
  5342 | D:5      | Entered Level 5 of the Dungeon
  5375 | D:4      | Reached XP level 7. HP: 26/55 MP: 9/11
  5572 | D:5      | You are sucked into a shaft and drop 2 floors!
  5632 | D:7      | Reached skill level 5 in Fighting
  5878 | D:7      | Reached skill level 6 in Invocations
  5886 | D:7      | Reached skill level 5 in Maces & Flails
  6010 | D:7      | Reached XP level 8. HP: 45/63 MP: 12/12
  6171 | D:7      | Reached skill level 7 in Invocations
  6949 | D:5      | Found a sparkling altar of Nemelex Xobeh.
  6949 | D:5      | Found a hazy altar of Hepliaklqana.
  6949 | D:5      | Found an opulent altar of Gozag.
  7217 | D:5      | Reached skill level 8 in Invocations
  7217 | D:5      | Gained mutation: Your touch may inflict irresistible damage
                  | on your foes. [demonic ancestry]
  7217 | D:5      | Reached XP level 9. HP: 71/71 MP: 9/15
  7726 | D:6      | Found a shimmering blue altar of Sif Muna.
  7741 | D:6      | Noticed Maggie
  7756 | D:6      | Killed Maggie
  7958 | D:6      | Reached skill level 9 in Invocations
  8026 | D:6      | Noticed Edmund
  8038 | D:6      | Killed Edmund
  8059 | D:6      | Found a stormy altar of Qazlal.
  8659 | D:7      | Found a sacrificial altar of Ru.
  8659 | D:7      | Found a blossoming altar of Fedhas.
  8663 | D:7      | Found a snail-covered altar of Cheibriados.
  9390 | D:8      | Found a staircase to the Lair.
  9417 | D:8      | Gained mutation: You are surrounded by a mild repulsion
                  | field. (EV +2) [demonic ancestry]
  9417 | D:8      | Reached XP level 10. HP: 70/80 MP: 17/17
  9640 | D:8      | Noticed a two-headed ogre
  9642 | D:8      | Banished a two-headed ogre
  9643 | D:8      | Reached skill level 10 in Invocations
 10677 | D:9      | Noticed Erolcha
 10679 | D:9      | Banished Erolcha
 10680 | D:9      | Reached skill level 10 in Maces & Flails
 10873 | D:9      | Noticed a deep elf pyromancer
 10874 | D:9      | Banished a deep elf pyromancer
 10875 | D:9      | Reached skill level 11 in Invocations
 11419 | D:9      | Found a staircase to the Orcish Mines.
 11726 | D:9      | Noticed Erica
 11736 | D:9      | Killed Erica
 11737 | D:9      | Gained mutation: You regenerate health from kills. [demonic
                  | ancestry]
 11737 | D:9      | Reached XP level 11. HP: 78/89 MP: 15/19
 12053 | Lair:1   | Entered Level 1 of the Lair of Beasts
 12488 | Lair:1   | Noticed a seven-headed hydra
 12489 | Lair:1   | Banished a seven-headed hydra
 12543 | Lair:1   | Noticed an eight-headed hydra
 12544 | Lair:1   | Banished an eight-headed hydra
 12545 | Lair:1   | Reached skill level 12 in Invocations
 12704 | Lair:1   | Reached skill level 10 in Fighting
 12719 | Lair:1   | Reached skill level 1 in Shields
 14111 | Lair:2   | Found a staircase to the Snake Pit.
 14192 | Lair:2   | Gained mutation: A meltable icy envelope protects you from
                  | harm. (AC +8) [demonic ancestry]
 14192 | Lair:2   | Reached XP level 12. HP: 98/98 MP: 21/21
 14365 | Lair:2   | Reached skill level 13 in Invocations
 15009 | Lair:3   | Noticed a catoblepas
 15009 | Lair:3   | Noticed a catoblepas
 15573 | Lair:3   | Noticed an eight-headed hydra
 15574 | Lair:3   | Banished an eight-headed hydra
 15582 | Lair:3   | Noticed an eight-headed hydra
 15593 | Lair:3   | Killed an eight-headed hydra
 16048 | Lair:3   | Found a staircase to the Swamp.
 16319 | Lair:3   | Killed a catoblepas
 16427 | Lair:3   | Reached skill level 5 in Armour
 16768 | Lair:3   | Killed a catoblepas
 17206 | Lair:4   | Noticed Kirke
 17253 | Lair:4   | Reached skill level 14 in Invocations
 17256 | Lair:4   | Noticed a death yak
 17276 | Lair:3   | Killed a death yak
 17316 | Lair:4   | Reached skill level 5 in Shields
 17364 | Lair:4   | Noticed a five-headed hydra
 17373 | Lair:4   | Killed a five-headed hydra
 17432 | Lair:4   | Noticed a boulder beetle
 17455 | Lair:4   | Killed a boulder beetle
 17488 | Lair:4   | Noticed an eight-headed hydra
 17495 | Lair:4   | Banished an eight-headed hydra
 17538 | Lair:4   | Noticed a death yak
 17565 | Lair:4   | Noticed a death yak
 17566 | Lair:4   | Killed a death yak
 17567 | Lair:4   | Gained mutation: You are surrounded by a moderate repulsion
                  | field. (EV +3) [demonic ancestry]
 17567 | Lair:4   | Reached XP level 13. HP: 106/106 MP: 23/23
 17882 | Lair:4   | Found a staircase to the Slime Pits.
 17882 | Lair:4   | Found a viscous altar of Jiyva.
 18752 | Lair:4   | Reached skill level 15 in Invocations
 19002 | Lair:4   | Banished Kirke
 19640 | D:10     | Entered Level 10 of the Dungeon
 19640 | D:10     | Noticed Psyche
 19674 | D:10     | Killed Psyche
 19813 | D:10     | Found Ginyicam's Antique Armour Boutique.
 19923 | D:10     | Noticed Lodul
 19998 | D:10     | Killed Lodul
 20539 | D:11     | Noticed Urug
 20555 | D:11     | Killed Urug
 21757 | D:11     | Reached XP level 14. HP: 110/116 MP: 25/25
 21916 | D:12     | Reached ***** piety under Lugonu
 22334 | D:12     | Noticed Josephine
 22345 | D:12     | Killed Josephine
 24513 | D:13     | Reached skill level 10 in Shields
 24940 | D:14     | Found a gate to the Vaults.
 26295 | Orc:1    | Entered Level 1 of the Orcish Mines
 26667 | Orc:2    | Entered Level 2 of the Orcish Mines
 26667 | Orc:2    | Noticed Sonja
 26703 | Orc:2    | Found a gate leading to a gauntlet.
 26776 | Orc:2    | Found a staircase to the Elven Halls.
 26858 | Gauntlet | Entered a Gauntlet
 26858 | Gauntlet | Found a transporter.
 26858 | Gauntlet | Found a transporter.
 26859 | Gauntlet | Found a transporter.
 26859 | Gauntlet | Found a transporter.
 26862 | Gauntlet | Found a transporter.
 26862 | Gauntlet | Found a transporter.
 26872 | Gauntlet | Found a transporter.
 26876 | Gauntlet | Found a transporter.
 26876 | Gauntlet | Found a transporter.
 26876 | Gauntlet | Found a transporter.
 26891 | Gauntlet | Found a transporter.
 26918 | Gauntlet | Found a transporter.
 26928 | Gauntlet | Corrupted Gauntlet
 26928 | Gauntlet | Noticed a starcursed mass
 26928 | Gauntlet | Noticed a brown very ugly thing
 26928 | Gauntlet | Noticed a lich
 26928 | Gauntlet | Noticed a starcursed mass
 26928 | Gauntlet | Noticed a tentacled starspawn
 26929 | Gauntlet | Noticed a starcursed mass
 26930 | Gauntlet | Noticed a tentacled starspawn
 26934 | Gauntlet | Noticed a lich
 26988 | Gauntlet | Noticed a starcursed mass
 27235 | Gauntlet | Identified the +0 helmet "Daynkim" {rF+}
 27299 | Gauntlet | Identified the ring "Ukhaary" {Int+5 Dex+6 Stlth-}
 27312 | Gauntlet | Identified a scroll of acquirement
 27757 | Gauntlet | Identified the ring of Zusy {rElec Str-4 Int+4 SInv}
 28395 | Orc:2    | Banished Sonja
 28935 | Orc:2    | Noticed Jorgrun
 29059 | Orc:1    | Acquired the ring of Yendor {rF+ EV+4}
 29453 | Orc:2    | Reached skill level 5 in Axes
 29644 | Abyss:2  | Cast into level 2 of the Abyss (orc high priest)
 29645 | Orc:2    | Escaped the Abyss
 29842 | Orc:2    | Paralysed by an orc sorcerer for 5 turns
 31242 | Swamp:1  | Entered Level 1 of the Swamp
 31259 | Swamp:1  | Reached XP level 15. HP: 23/103 MP: 21/26
 33357 | Swamp:2  | Noticed Mlioglotl
 33636 | Orc:2    | Killed Jorgrun
 33710 | Orc:2    | Found Etipnim's Book Boutique.
 33710 | Orc:2    | Found Muwick's Jewellery Boutique.
 33744 | Orc:2    | Found Ristrauh's Jewellery Shoppe.
 33764 | Orc:2    | Found Osuyrep's Jewellery Shoppe.
 33780 | Orc:2    | Bought a ring of poison resistance for 220 gold pieces
 33806 | Orc:2    | Bought an amulet of faith for 560 gold pieces
 33813 | Orc:2    | Bought a ring of willpower for 325 gold pieces
 34072 | D:1      | Bought a scroll of enchant weapon for 82 gold pieces
 34072 | D:1      | Bought a scroll of teleportation for 33 gold pieces
 35312 | Snake:1  | Entered Level 1 of the Snake Pit
 36046 | Snake:1  | Reached skill level 10 in Axes
 37681 | Snake:2  | Found Agotirio's Armour Emporium.
 37681 | Snake:2  | Found Ziamool's Book Shoppe.
 37689 | Snake:2  | Found Oggodut's Armour Emporium.
 37732 | Snake:2  | Bought +0 gold dragon scales for 1200 gold pieces
 38998 | Snake:3  | Gained mutation: Your touch may irresistibly damage your
                  | foes and sap their willpower. [demonic ancestry]
 38998 | Snake:3  | Reached XP level 16. HP: 132/132 MP: 27/27
 39408 | Snake:3  | Noticed Sagen's ghost (adept DrCj)
 39408 | Snake:3  | Found a runed translucent door.
 39896 | Snake:3  | HP: 2/132 [shock serpent/electric aura (11)]
 39904 | Snake:3  | Corrupted Snake:3
 39904 | Snake:3  | Noticed a bone dragon
 39904 | Snake:3  | Noticed a bone dragon
 39904 | Snake:3  | Noticed a tentacled starspawn
 39904 | Snake:3  | Noticed a profane servitor
 40459 | Snake:3  | Found Zipepi's Weapon Boutique.
 40459 | Snake:3  | Found Fasoessish's Antique Weapon Shop.
 40528 | Snake:3  | Bought 6 curare-tipped darts for 50 gold pieces
 40788 | Snake:3  | HP: 4/132 [naga ritualist/+0 scimitar (3)]
 40790 | Snake:3  | Succumbed to a naga ritualist's toxic radiance

Illustrated notes

Levels and vault maps discovered:
D:1:      spicycebolla_arrival_xxxplode, layout_basic, serial_shops,
          nicolae_diamond_shop, shapermc_ecumenical_altar_acropolis
D:2:      layout_basic
D:3:      layout_loops_ring, minmay_bisected
D:4:      layout_basic, minmay_temple_entry_nine_rooms,
          gammafunk_ghost_abyssal_escape
D:5:      layout_rooms, chequers_temple_overflow_statue_of_worship,
          cheibrodos_sewer_entry_drain
D:6:      hellmonk_crumbling_castle, layout_basic,
          nicolae_qazlal_scattered_showers, lemuel_doored_altar,
          minmay_lizard_king, uniq_edmund, uniq_maggie
D:7:      layout_cave_pods, grunt_temple_overflow_open,
          hangedman_abyss_or_decor_stagger
D:8:      layout_basic, erik_lair_orcish_takeover, enter_bailey_2
D:9:      layout_stronghold, hiddenorc1_lemuel, hangedman_decor_opposing,
          corexii_corridor_pit, uniq_erica, uniq_erolcha
D:10:     layout_rooms, serial_shops, shop, uniq_psyche, uniq_lodul
D:11:     minmay_thick_lines, layout_basic, uniq_urug
D:12:     layout_cave_pools, uniq_josephine
D:13:     layout_layer_cave
D:14:     layout_loops_cross, david_vaults_5,
          nicolae_gozag_cash_rules_everything_around_me, minmay_shattered_shrine
Temple:   compressed_dpeg_triangle_lava_temple
Lair:1:   layout_chaotic_city, chequers_serial_rivers_marsh,
          infiniplex_staircase_pool_2, serial_bayou_shore_b, grunt_megastairs_5
Lair:2:   beast_lair_carwin_large_2, layout_layer_cave,
          minmay_snake_entry_guardpost_medium
Lair:3:   nzn_motion_control, layout_layer_cave, palyth_hydra_swamp_entry,
          minivault_27, worms_lemuel
Lair:4:   nzn_winding_woodlands_stair_cross [nzn_winding_woodlands_5x15_garden,
          nzn_winding_woodlands_center_pierced_h,
          nzn_winding_woodlands_5x15_crooked, nzn_winding_woodlands_5x5_cross,
          nzn_winding_woodlands_5x5_open_star,
          nzn_winding_woodlands_5x15_longhouse,
          nzn_winding_woodlands_center_garden,
          nzn_winding_woodlands_5x15_lazy_stream], layout_cave_pods,
          minmay_slime_entry_pillars, uniq_kirke
Swamp:1:  layout_basic_swamp, nicolae_swamp_orc_logging_accident
Swamp:2:  layout_basic_swamp, nicolae_swamp_fairy_circle, swamp_pool5,
          statue_in_the_mist_lemuel, uniq_mlioglotl
Snake:1:  layout_basic
Snake:2:  layout_gridlike, grunt_ministairs_11, minmay_shop_star
Snake:3:  layout_gridlike, hellmonk_ghost_happy_afterlife,
          nicolae_snake_salamander_jacuzzi, minmay_shoptagon
Orc:1:    layout_diamond_mine
Orc:2:    st_orc_elflike, layout_caves, gauntlet_entry_generic, basic_altar,
          nicolae_orc_pool_cavern, uniq_jorgrun, uniq_sonja

Skill      XL: |  1  2  3  4  5  6  7  8  9 10 11 12 13 14 15 16 |
---------------+-------------------------------------------------+-----
Axes           | 2 3 6 12 13 | 13.7
Invocations    | 3 4 5 6 8 9 11 12 14 15 | 15.0
Maces & Flails | 1 2 3 5 7 9 10 11 | 11.8
Fighting       | 4 5 6 7 9 10 11 12 13 | 13.8
Armour         | 3 5 7 8 |  8.7
Shields        | 2 5 9 10 | 10.9
Dodging        | |  0.8

Action                   |  1- 3 |  4- 6 |  7- 9 | 10-12 | 13-15 | 16-18 || total
-------------------------+-------+-------+-------+-------+-------+-------++-------
Melee: Hand axe          |    38 |       |       |       |       |       ||    38
       Dagger            |    81 |       |       |       |       |       ||    81
       Whip              |       |   141 |   409 |   966 |  1371 |       ||  2887
       War axe           |       |       |       |       |   399 |       ||   399
       Broad axe         |       |       |       |       |   548 |   236 ||   784
       Eveningstar       |       |       |       |       |   102 |       ||   102
Invok: Banish            |       |       |     5 |    15 |    22 |     1 ||    43
       Bend Space        |       |       |       |       |     5 |       ||     5
       Corrupt           |       |       |       |       |     1 |     1 ||     2
       Depart the Abyss  |       |       |       |       |     1 |       ||     1
Evoke: Wand              |       |       |       |       |     1 |       ||     1
  Use: Scroll            |       |     5 |     2 |     9 |    35 |     1 ||    52
       Potion            |       |       |     2 |     1 |    10 |     5 ||    18
 Stab: Sleeping          |     1 |       |     1 |       |     1 |       ||     3
       Invisible         |       |       |       |       |     5 |       ||     5
Armor: Leather armour    |    25 |       |    30 |   294 |   614 |       ||   963
       Scale mail        |    14 |    69 |   132 |       |       |       ||   215
       Acid dragon scale |       |       |    38 |       |   307 |       ||   345
       Gold dragon scale |       |       |       |       |    74 |   210 ||   284
Dodge: Dodged            |    47 |    45 |   122 |   274 |   760 |    38 ||  1286
Block: Buckler           |    37 |    55 |   120 |   273 |       |       ||   485
       Kite shield       |       |       |       |    41 |  1557 |   222 ||  1820
